 Dungeon Crawl Stone Soup version 0.27-a0-972-gd1521fd518 (webtiles) character file.

Game seed: 4321635182777208009

8 Alarkh the Insei (level 2, 17/21 HPs)
             Began as a Demonspawn Transmuter on Apr 13, 2021.
             Got out of the dungeon alive.
             The game lasted 00:00:17 (230 turns).

Alarkh the Insei (Demonspawn Transmuter)             Turns: 230, Time: 00:00:18

Health: 17/21      AC:  2    Str: 10    XL:     2   Next: 0%
Magic:  5/5        EV: 12    Int: 14    God:
Gold:   4          SH:  0    Dex: 15    Spells: 4/5 levels left

rFire    . . .     SeeInvis .     - Unarmed
rCold    . . .     Faith    .   (no shield)
rNeg     . . .     Spirit   .   a - +0 robe
rPois    .         Reflect  .   (no helmet)
rElec    .         Harm     .   (no cloak)
rCorr    .         Rampage  .   (no gloves)
Will     .....                  (no boots)
Stlth    ++........             (no amulet)
HPRegen  0.07/turn              (no ring)
MPRegen  0.09/turn              (no ring)

@: no status effects
A: thin skeletal structure 1
a: no special abilities


You escaped.
You visited 1 branch of the dungeon, and saw 1 of its levels.

You collected 4 gold pieces.

Inventory:

Armour
 a - a +0 robe (worn)


   Skills:
 + Level 1.0 Fighting
 - Level 1.7 Dodging
 * Level 3.0 Unarmed Combat
 + Level 2.2 Spellcasting
 + Level 1.7 Transmutations


You had 4 spell levels left.
You knew the following spells:

 Your Spells              Type           Power      Damage    Failure   Level
a - Beastly Appendage     Tmut           12%        N/A       12%         1

Your spell library contained the following spells:

 Spells                   Type           Power      Damage    Failure   Level
 Wereblood                Tmut           6%         N/A       17%         2
 Spider Form              Tmut/Pois      2%         N/A       43%         3
 Ice Form                 Ice/Tmut       4%         N/A       85%         4
 Hydra Form               Tmut           3%         N/A       97%         5


Dungeon Overview and Level Annotations

Branches:
Dungeon (1/15)

Altars:


Innate Abilities, Weirdness & Mutations

You have a somewhat thin skeletal structure. (Dex +2, Stealth)


Message History

There is an open door here.
Your horns disappear.
Your talons disappear.
As you open the door, it creaks loudly!
There is an open door here.
You now have 4 gold pieces.
You enter the shallow water.
Moving in this stuff is going to be slow.
A hobgoblin comes into view.
The hobgoblin shouts!
A hobgoblin is nearby!
A hobgoblin is nearby!
A hobgoblin is nearby!
Casting: Beastly Appendage (safe; 12% risk of failure)
Confirm with . or Enter, or press ? or * to list all spells.
You grow a pair of large bovine horns.
Your feet morph into talons.
Unknown command.
The hobgoblin hits you.
You barely miss the hobgoblin.
Your transformation is almost over.
The hobgoblin hits you but does no damage.
You closely miss the hobgoblin.
You claw the hobgoblin, but do no damage.
The hobgoblin closely misses you.
You hit the hobgoblin but do no damage. The hobgoblin barely misses you.
You barely miss the hobgoblin. You claw the hobgoblin.
The hobgoblin is almost dead.
The hobgoblin hits you.
You hit the hobgoblin.
You kill the hobgoblin!
You have reached level 2!
Your demonic ancestry asserts itself...
Your bones become slightly less dense.
Unknown command.
You enter the shallow water.
Moving in this stuff is going to be slow.
Your horns disappear.
Your talons disappear.
There is an open door here.
There is a staircase leading out of the dungeon here.
Are you sure you want to leave the Dungeon?
This will make you lose the game!
You have escaped!

.## ###≈≈≈≈≈≈≈### ..# #.
#§§≈.....≈≈≈# #.# .#
#..)........# #.# .
######'###### #.##.#####
###8'8#8### #####
#.#.##...###.........###..§##
#.#.#....##...........##..≈≈#
#.#.#....#............'#(..§#
#...'...........@.....8'(..§+
#.#.#....#............##...≈#
#.#.#....##...........##..§§#
..#.##...###.........###..≈##
..##.##### ####8'8#### #####
..# . ######(###### ..# $#
#...........# ..# #.
#≈≈≈.....≈§≈# ...
###≈≈≈§§§§###


There were no monsters in sight!

Vanquished Creatures
  2 goblins (D:1)
  3 hobgoblins (D:1)
  A kobold (D:1)
6 creatures vanquished.

Notes
Turn   | Place    | Note
-------+----------+-------------------------------------------
     0 | D:1      | Alarkh the Demonspawn Transmuter began the quest for the
                  | Orb.
     0 | D:1      | Reached XP level 1. HP: 15/15 MP: 3/3
   143 | D:1      | Reached skill level 3 in Unarmed Combat
   204 | D:1      | Gained mutation: You have a somewhat thin skeletal
                  | structure. (Dex +2, Stealth) [demonic ancestry]
   204 | D:1      | Reached XP level 2. HP: 15/21 MP: 3/5
   230 | D:$      | Got out of the dungeon alive.

Illustrated notes

Levels and vault maps discovered:
D:1:      dpeg_arrival_morbid_curiosity, layout_basic,
          chequers_serial_rivers_small_a

Skill      XL: |  1 |
---------------+----+-----
Unarmed Combat | 3 |  3.0
Fighting       | |  1.0
Dodging        | |  1.7
Spellcasting   | |  2.2
Transmutations | |  1.7

Action                   || total
-------------------------++-------
Melee: Unarmed           ||    17
       Kick              ||     4
       Headbutt          ||     3
 Cast: Beastly Appendage ||     4
Armor: Robe              ||     1
Dodge: Dodged            ||    10

Table legend: (Time is in decaauts)
 A = Elapsed time spent in this place.
 B = Non-inter-level travel time spent in this place.
 C = Inter-level travel time spent in this place.
 D = Time resting spent in this place.
 E = Time spent auto-exploring this place.
 F = Levels seen in this place.
 G = Mean time per level.
                   A        B        C        D        E       F      G
               +--------+--------+--------+--------+--------+-----+--------+
         Total |    230 |    205 |     25 |      0 |    166 |   1 |  230.0 |
       Dungeon |    230 |    205 |     25 |      0 |    166 |   1 |  230.0 |
               +--------+--------+--------+--------+--------+-----+--------+

Top non-repeatable levels by time:
     D:1: 230 daAuts
